 Dungeon Crawl Stone Soup version 0.31-a0-1059-g83d41fd8b6 (webtiles) character file.

Game seed: 8598630600117137040

386 Gynju the Skirmisher (level 6, -11/37 HPs)
             Began as a Deep Elf Hunter on Nov 21, 2023.
             Killed from afar by a steam dragon (16 damage)
             ... with a ball of steam
             ... on level 4 of the Dungeon.
             The game lasted 00:04:56 (2805 turns).

Gynju the Skirmisher (Deep Elf Hunter)              Turns: 2805, Time: 00:04:57

Health: -11/37     AC:  8    Str:  8    XL:     6   Next: 48%
Magic:  8/8        EV: 14    Int: 14    God:
Gold:   117        SH:  0    Dex: 20    Spells: 5/5 levels left

rFire   . . .        a - +0 shortbow
rCold   . . .        (shield currently unavailable)
rNeg    . . .        c - +0 leather armour
rPois   +            (no helmet)
rElec   .            (no cloak)
rCorr   .            (no gloves)
SInv    .            f - +0 pair of boots
Will    .....        (no amulet)
Stlth   ++           l - ring of poison resistance
HPRegen 0.26/turn    o - +4 ring of protection
MPRegen 0.11/turn

%: no passive effects
@: no status effects
A: no striking features
a: no special abilities


You were on level 4 of the Dungeon.
You visited 1 branch of the dungeon, and saw 4 of its levels.

You collected 117 gold pieces.

Inventory:

Hand Weapons
 a - a +0 shortbow (weapon)
Armour
 c - a +0 leather armour (worn)
 f - a +0 pair of boots (worn)
Jewellery
 l - a ring of poison resistance (left hand)
 m - a ring of protection from cold
 o - a +4 ring of protection (right hand)
Scrolls
 b - a scroll of butterflies
 g - 2 scrolls of amnesia {unknown}
 i - a scroll of revelation {unknown}
 p - 4 scrolls of identify {unknown}
 q - a scroll of poison {unknown}
 r - a scroll of enchant armour {unknown}
 t - a scroll of teleportation {unknown}
Potions
 d - a potion of attraction {unknown}
 e - a potion of might {unknown}
 h - 4 potions of curing {unknown}
 j - a potion of invisibility {unknown}
 k - a potion of resistance {unknown}
 n - a potion of enlightenment {unknown}
 s - a potion of mutation {unknown}


   Skills:
 + Level 3.1 Fighting
 * Level 8.3 Ranged Weapons
 + Level 4.6 Dodging
 - Level 1.2 Stealth


You had 5 spell levels left.
You didn't know any spells.
Your spell library was empty.

Dungeon Overview and Level Annotations

Branches:
Dungeon (4/15)
 Temple: D:4-7

Altars:

Annotations:
D:2 1 runed translucent door, Crazy Yiuf


Message History

The black bear goes berserk!
You shoot an arrow.
The arrow closely misses the black bear.
The black bear closely misses you. The black bear barely misses you.
The black bear closely misses you.
You shoot an arrow.
The arrow hits the black bear but does no damage.
The black bear is almost dead.
You hear an angry hiss.
The black bear bites you.
The black bear claws you but does no damage.
The black bear completely misses you. The black bear bites you.
The black bear claws you. The black bear barely misses you.
You shoot an arrow. The arrow hits the black bear.
You kill the black bear!
Your Fighting skill increases to level 3!
Your Ranged Weapons skill increases to level 8!
You shoot an arrow. The arrow barely misses the goblin.
You hear an angry hiss.
The goblin hits you but does no damage.
You shoot an arrow. The arrow closely misses the goblin.
A steam dragon comes into view.
The goblin hits you but does no damage.
You shoot an arrow. The arrow closely misses the goblin.
The steam dragon hisses angrily.
The steam dragon breathes steam at you.
The ball of steam hits the goblin!
The goblin dies!
The ball of steam hits you.
You are too injured to fight recklessly!
You are too injured to fight recklessly!
The steam dragon breathes steam at you. The ball of steam hits you!
You are engulfed in a cloud of scalding steam.
* * * LOW HITPOINT WARNING * * *
You are engulfed in a cloud of scalding steam.
* * * LOW HITPOINT WARNING * * *
The steam dragon breathes steam at you. The ball of steam hits you!
You die...

##### ....#####
###.....############
♣ #...............>#
♣♣#.....#####.####.#
....##### #.####
♣♣### #....# ♣
#.##@# # ####§# #
#§# . #.# # #D# #.#
#.# #.# #.#


There were no monsters in sight!

Vanquished Creatures
  Sigmund (D:3)
  A black bear (D:4)
  4 adders
  4 worms
  2 dart slugs
  6 orcs (D:3)
  9 endoplasms
  4 giant cockroaches
  2 goblins (D:2)
  10 hobgoblins
  5 jackals
  6 kobolds
  A quokka (D:1)
  7 ball pythons
  11 bats
  4 frilled lizards
  6 rats
83 creatures vanquished.

Vanquished Creatures (others)
  A goblin (D:4)
1 creature vanquished.

Grand Total: 84 creatures vanquished

Notes
Turn   | Place    | Note
-------+----------+-------------------------------------------
     0 | D:1      | Gynju the Deep Elf Hunter began the quest for the Orb.
     0 | D:1      | Reached XP level 1. HP: 12/12 MP: 3/3
   118 | D:1      | Reached XP level 2. HP: 17/17 MP: 4/4
   492 | D:1      | Reached skill level 6 in Ranged Weapons
   567 | D:1      | Reached XP level 3. HP: 21/21 MP: 5/5
  1259 | D:2      | You fall into a shaft and drop 1 floor!
  1447 | D:2      | Reached XP level 4. HP: 26/26 MP: 6/6
  1811 | D:2      | Found a runed translucent door.
  1812 | D:2      | Noticed Crazy Yiuf
  1945 | D:3      | Noticed Sigmund
  2188 | D:3      | Reached skill level 7 in Ranged Weapons
  2538 | D:3      | Killed Sigmund
  2539 | D:3      | Reached XP level 5. HP: 32/32 MP: 7/7
  2539 | D:3      | Reached XP level 6. HP: 36/36 MP: 8/8
  2793 | D:4      | Reached skill level 8 in Ranged Weapons
  2794 | D:4      | Noticed a steam dragon
  2805 | D:4      | Killed from afar by a steam dragon

Illustrated notes

Levels and vault maps discovered:
D:1:      dpeg_arrival_castle, layout_basic
D:2:      layout_loops_ring, serial_glass, glass_columns_a, glass_columns_b,
          minmay_misc_feat_enclosed, serial_bayou_pond_d, minmay_octomino_j4,
          uniq_crazy_yiuf_cottage
D:3:      layout_rooms, kennysheep_path_1, uniq_sigmund
D:4:      layout_basic, minmay_tree_intersection

Skill      XL: |  1  2  3  4  5  6 |
---------------+-------------------+-----
Ranged Weapons | 6 7 8 |  8.3
Fighting       | 2 3 |  3.1
Dodging        | 3 4 |  4.6
Stealth        | |  1.2

Action                     |  1- 3 |  4- 6 || total
---------------------------+-------+-------++-------
   Fire: Shortbow          |   159 |    82 ||   241
 Armour: Leather armour    |    43 |    28 ||    71
  Dodge: Dodged            |    55 |    31 ||    86

Table legend: (Time is in decaauts)
 A = Elapsed time spent in this place.
 B = Non-inter-level travel time spent in this place.
 C = Inter-level travel time spent in this place.
 D = Time resting spent in this place.
 E = Time spent auto-exploring this place.
 F = Levels seen in this place.
 G = Mean time per level.
                   A        B        C        D        E       F      G
               +--------+--------+--------+--------+--------+-----+--------+
         Total |   2845 |   2723 |    122 |    100 |   2017 |   4 |  711.2 |
       Dungeon |   2845 |   2723 |    122 |    100 |   2017 |   4 |  711.2 |
               +--------+--------+--------+--------+--------+-----+--------+

Top non-repeatable levels by time:
     D:1: 1098 daAuts
     D:2: 1001 daAuts
     D:3: 579 daAuts
     D:4: 166 daAuts
